[Event "Krakow Championship-A 2022"]
[Site "Krakow"]
[Date "2022.06.27"]
[Round "4.20"]
[White "Malicka, Maria"]
[Black "Shehzad, Shazil"]
[Result "1/2-1/2"]
[ECO "C88"]
[WhiteElo "2377"]
[BlackElo "2237"]
[Annotator "TA"]
[PlyCount "83"]
[EventDate "2022.06.25"]
[EventType "swiss"]
[EventCountry "POL"]
[SourceTitle "playchess.com"]
[Source "ChessBase"]
[SourceQuality "1"]
[TimeControl "40/5400+30:1800+30"]

1. e4 e5 2. Nf3 Nc6 3. Bb5 a6 4. Ba4 Nf6 5. O-O Be7 6. Re1 b5 7. Bb3 O-O 8. a4 Bb7 9. Nc3 b4 10. Nd5 Na5 11. Ba2 $1 b3 {[%emt 0:04:50] C88: Closed Ruy Lopez: Anti-Marshall Systems.} 12. Nxf6+ Bxf6 13. cxb3 d5 {[%emt 0:30:12] [#] The position is equal.} 14. d4 $146 ({Predecessor:} 14. exd5 e4 15. Rxe4 Qxd5 16. Re1 Nc6 17. b4 Qh5 18. Bc4 Nxb4 19. Ra3 Rad8 20. Rae3 {0-1 (65) Sahl,B (2440)-Hebden,M (2570) Isle of Man 1995}) 14... dxe4 (14... exd4 15. e5 Be7 16. Nxd4 $16) 15. Nxe5 c5 16. Be3 (16. Qg4 $5 ) 16... Qd6 (16... Rc8 $11) 17. Nxf7 Rxf7 18. dxc5 Qe6 (18... Qxd1 $2 19. Rexd1 Bc6 20. b4 $18) 19. b4 Nc4 20. Qd6 Qxd6 (20... Nxd6 $2 21. Bxe6 Re8 22. Bxf7+ Nxf7 23. b5 $18) 21. cxd6 Nxe3 ({Don't take} 21... Nxd6 22. Rad1 Be7 23. Bg5 $1 Bxg5 24. Rxd6 $16) 22. Rxe3 {[%emt 0:00:13] [#]} (22. fxe3 $5 Kf8 23. Bxf7 Kxf7 24. Rec1 $11) 22... Rd8 $1 23. Rd1 ({But not} 23. Bxf7+ Kxf7 24. b5 axb5 $15) 23... Kf8 24. Bxf7 Kxf7 25. b5 axb5 26. Rb3 ({Much weaker is} 26. axb5 Ke6 $15) 26... Ke6 27. Rxb5 Bc6 28. Rb4 Be5 29. a5 Rxd6 30. Ra1 (30. Rxd6+ $11 Kxd6 31. Rb3) 30... e3 $2 (30... Rd2 $1 $17 {...e3 is the strong threat.} 31. Kf1 Bxb2) 31. fxe3 $11 Rd2 32. Rb6 Kd7 33. a6 Rxg2+ 34. Kf1 Rxh2 35. Ra5 $1 Bg2+ (35... Bxb2 {[#]} 36. Rxc6 $1 Rh3 37. Rc8 $3 Rh1+ 38. Kg2 $18) 36. Kg1 Bc7 {[%emt 0:00:25] This bishop pair is nice.} 37. Rg5 Be4 $2 (37... g6 $11 {and Black has nothing to worry.}) 38. Rxg7+ $18 Kc8 {[%emt 0:00:22] Hoping for ...Rh1+.} 39. Rg8+ $2 (39. Re6 $18 {Re8+ would kill now.} Rh1+ 40. Kf2 Rh2+ 41. Kf1 Rh1+ 42. Ke2 Rh2+ 43. Kf1 Rh1+ 44. Ke2 Rh2+ 45. Kd1 Rh1+ 46. Ke2) 39... Kd7 $11 {[%emt 0:00:10] aiming for ...Rh1+.} 40. Rg7+ $2 (40. Rb3 $11) 40... Kc8 $18 41. Rg8+ $2 (41. Re6 $18 {White wants to mate with Re8+.} Rh1+ 42. Kf2 Rh2+ 43. Kf1 Rh1+ 44. Ke2 Rh2+ 45. Kf1 Rh1+ 46. Ke2 Rh2+ 47. Kd1 Rh1+ 48. Ke2) 41... Kd7 $14 {[%emt 0:30:44] Strongly threatening ...Rh1+.} 42. Rg7+ {[%emt 0:00:00] Weighted Error Value: White=0.46/Black=0.30} (42. Rb3 $14) 1/2-1/2

[Event "Krakow Championship-A 2022"]
[Site "Krakow"]
[Date "2022.06.27"]
[Round "4.21"]
[White "Goroshkov, Maksym"]
[Black "Trybus, Daniel"]
[Result "1-0"]
[ECO "B21"]
[WhiteElo "2226"]
[BlackElo "2145"]
[Annotator "RC"]
[PlyCount "65"]
[EventDate "2022.06.25"]
[EventType "swiss"]
[EventCountry "POL"]
[SourceTitle "playchess.com"]
[Source "ChessBase"]
[SourceQuality "1"]
[TimeControl "40/5400+30:1800+30"]

1. e4 c5 2. d4 cxd4 3. c3 dxc3 4. Nxc3 Nc6 5. Nf3 a6 6. Bc4 e6 7. a4 Qc7 8. Qe2 Nf6 9. e5 Ng4 10. Bf4 d5 11. exd6 Bxd6 12. Nd5 Qa5+ 13. Bd2 Qd8 14. Bg5 Qa5+ 15. Bd2 Qd8 16. Bg5 f6 17. Bd2 Nge5 18. Ne3 Nxc4 19. Qxc4 O-O 20. O-O Qe7 21. Nf5 Qc7 22. Nxd6 Qxd6 23. Rad1 Qe7 24. b4 Bd7 25. b5 axb5 26. axb5 Na7 27. Bb4 Qf7 28. Bxf8 Bxb5 29. Qa2 Bxf1 30. Bc5 Bxg2 31. Kxg2 Qg6+ 32. Kf1 Qe4 33. Re1 1-0

[Event "Krakow Championship-A 2022"]
[Site "Krakow"]
[Date "2022.06.27"]
[Round "4.22"]
[White "Turski, Bartlomiej"]
[Black "Kvaloy, Aksel Bu"]
[Result "1/2-1/2"]
[ECO "B32"]
[WhiteElo "2192"]
[BlackElo "2296"]
[Annotator "TA"]
[PlyCount "84"]
[EventDate "2022.06.25"]
[EventType "swiss"]
[EventCountry "POL"]
[SourceTitle "playchess.com"]
[Source "ChessBase"]
[SourceQuality "1"]
[TimeControl "40/5400+30:1800+30"]

1. e4 c5 2. Nf3 Nc6 3. d4 cxd4 4. Nxd4 e5 5. Nb5 a6 6. Nd6+ Bxd6 7. Qxd6 Qf6 8. Qc7 Nge7 9. Nc3 Nb4 10. Bd3 d5 11. Nxd5 {[%emt 0:11:41] B32: Sicilian: Löwenthal and Kalashnikov Variations.} Nexd5 12. exd5 Nxd5 13. Qc5 {[%emt 0:09:44] White is slightly better.} (13. Qa5 $5 Be6 14. Bb5+ Kf8 15. Bd3 $11) 13... Be6 {[%emt 0:03:44][%cal Oe5e4] The position is equal.} 14. O-O Rc8 15. Qa3 Qe7 16. Qxe7+ Kxe7 {[%emt 0:00:12] [#]} 17. Re1 $146 ({Predecessor:} 17. Bd2 Rhd8 18. Rfe1 Kf6 19. Rad1 Bf5 20. Bxf5 Kxf5 21. c3 f6 22. f3 b5 23. Kf2 {0-1 (32) Gasimov,P (2337)-Orantes Taboada,F (2286) Chess.com INT 2021}) 17... f6 18. Bd2 {[%emt 0:00:27] Prevents Nb4.} Kf7 19. Rad1 Rhd8 20. b3 Rd7 21. c4 (21. Bxh7 $2 g6 22. c4 Ne7 $19) 21... Ne7 22. Ba5 ({Avoid the trap} 22. Bxh7 $2 Rcd8 23. Re2 g6 $19) 22... b5 23. cxb5 axb5 24. Bxb5 {[%emt 0:02:33] A strong pair of Bishops.} Ra7 25. b4 Bxa2 26. Rc1 Rb8 27. Bd3 Be6 28. Be4 ({Much weaker is} 28. Bxh7 g6 29. f4 exf4 $19) 28... Bd5 29. Bb1 g6 30. Rc5 Be6 31. Rd1 Bf5 32. Ba2+ Be6 33. Bb1 Ra6 34. Bd3 Ra7 35. Bb1 Rd7 36. Rxd7 Bxd7 37. Be4 {[%emt 0:00:33] Prevents Nc6.} Ke6 38. f3 f5 39. Bc2 {[%emt 0:00:36] [#] Black must now prevent Bb3+.} Nc6 40. Ba4 Kd6 41. Bxc6 Bxc6 {[%emt 0:30:14] [#]} 42. Rxe5 $1 Rxb4 {[%emt 0:00:40] A balanced but interesting game.  Weighted Error Value: White=0.05 (flawless) /Black=0.04 (flawless)} 1/2-1/2

[Event "Krakow Championship-A 2022"]
[Site "Krakow"]
[Date "2022.06.28"]
[Round "5.1"]
[White "Nurkiewicz, Maciej"]
[Black "Warakomski, Tomasz"]
[Result "0-1"]
[ECO "E11"]
[WhiteElo "2332"]
[BlackElo "2534"]
[Annotator "TA"]
[PlyCount "58"]
[EventDate "2022.06.25"]
[EventType "swiss"]
[EventCountry "POL"]
[SourceTitle "playchess.com"]
[Source "ChessBase"]
[SourceQuality "1"]
[TimeControl "40/5400+30:1800+30"]

1. d4 Nf6 2. c4 e6 3. Nf3 Bb4+ 4. Nbd2 d5 5. Qa4+ Nc6 6. e3 O-O 7. Be2 {[%emt 0:02:46] [#] E11: Bogo-Indian.} (7. a3 $5 Be7 8. b4 $11) 7... Qe8 $146 ({Predecessor:} 7... dxc4 8. Bxc4 Bd6 9. O-O e5 10. dxe5 Nxe5 11. Nxe5 Bxe5 12. Be2 c6 13. Nf3 Bd6 14. b3 Nd5 {½-½ (42) Perdomo,L (2385)-Leitao,R (2622) Bauru 2012}) 8. Qb3 a5 9. O-O {[%emt 0:01:10] The position is equal.} a4 10. Qc2 e5 11. cxd5 Nxd5 12. Ng5 (12. dxe5 $14 {deserves consideration.} Nxe5 13. Nxe5 Qxe5 14. Nf3) 12... Nf6 13. d5 Ne7 14. e4 c6 15. Nc4 (15. a3 $11 Bxd2 16. Bxd2) 15... cxd5 $17 16. Nb6 Ra5 17. a3 Bd6 {[%emt 0:05:39] ...h6 is the strong threat.} 18. exd5 {[%emt 0:04:14] [#]} ({Avoid the trap} 18. Bd2 $2 Rc5 19. Qd1 (19. Qxa4 $2 h6 $19) 19... h6 $17) 18... Bf5 $1 19. Qd1 Qd8 ({But not} 19... Nfxd5 $6 20. Bd2 Ra7 21. Nxd5 Nxd5 22. Bc4 $11) 20. Nxa4 {[%emt 0:03:49] [#]} (20. Be3 $17 {was necessary.}) 20... e4 $1 $19 {[%emt 0:04:55] aiming for ...h6.} ({Inferior is} 20... Rxd5 21. Qe1 $17) (20... Nfxd5 21. Bd2 $11) 21. Be3 Nexd5 22. Bd4 h6 23. b4 {[%emt 0:03:23] Hoping for Nxf7.} Ra8 24. Nh3 (24. Nxf7 Kxf7 25. g3) 24... Bxh3 {[%emt 0:01:11] Black is clearly winning.} 25. gxh3 Qd7 26. Bxf6 {[%emt 0:02:00] [#] And now Bg4 would win.} Qxh3 27. f4 exf3 28. Rxf3 Qxh2+ 29. Kf1 Nxf6 {[%emt 0:00:26] Weighted Error Value: White=0.57/Black=0.19 (very precise)} 0-1

[Event "Krakow Championship-A 2022"]
[Site "Krakow"]
[Date "2022.06.28"]
[Round "5.2"]
[White "Agdestein, Simen"]
[Black "Fus, Jakub"]
[Result "0-1"]
[ECO "E46"]
[WhiteElo "2559"]
[BlackElo "2378"]
[Annotator "TA"]
[PlyCount "84"]
[EventDate "2022.06.25"]
[EventType "swiss"]
[EventCountry "POL"]
[SourceTitle "playchess.com"]
[Source "ChessBase"]
[SourceQuality "1"]
[TimeControl "40/5400+30:1800+30"]

1. d4 Nf6 2. c4 e6 3. Nc3 Bb4 4. e3 O-O 5. Nge2 c6 6. a3 {[%emt 0:08:37] E46: Nimzo-Indian: Rubinstein: 4 e3 0-0 5 Ne2 without early Bd3.} Ba5 7. g3 d5 8. b4 {[%emt 0:01:53] The position is equal.} Bc7 9. cxd5 exd5 10. Bg2 Re8 11. O-O {[%emt 0:01:22] [#]} h5 $146 ({Predecessor:} 11... a5 12. b5 Nbd7 13. Nf4 Nb6 14. Nd3 Bd6 15. a4 Nc4 16. Qb3 Bf5 17. Nb2 Nb6 {0-1 (65) Miralles,G (2433)-Georgiadis,I (2467) Switzerland 2019}) 12. h3 Bf5 13. Nf4 Bxf4 14. exf4 a5 15. Be3 axb4 16. axb4 Na6 17. Qb3 Qd6 18. b5 Nb4 {[%emt 0:01:03] [#] And now ...Rxa1 would win.} 19. Rxa8 Rxa8 20. bxc6 bxc6 21. Bd2 (21. Rc1 $1 $15) 21... Nc2 $17 22. Qb7 (22. Rc1 $17 Nxd4 23. Qb6) 22... Re8 ({Black should try} 22... Qb8 $19 23. Qxb8+ Rxb8) 23. Qb6 Nd7 24. Qa7 Qb8 25. Qa4 (25. Qxb8 $17 Nxb8 26. Be3) 25... Nb6 $19 26. Qa6 (26. Qb3) 26... Nc4 ({Weaker is} 26... Nxd4 27. Be3 Bc8 28. Qd3 $15) 27. Rd1 Nxd4 28. Be3 Nc2 {[%emt 0:00:36] Pair of Knights!} (28... Nxe3 $19 29. Rxd4 Qb2) 29. Bc5 $17 Qa8 {[%emt 0:01:20] 0x0.00207c5bdf1bdp-1022s more active pieces.} 30. Qxa8 Rxa8 31. Nxd5 cxd5 32. Rxd5 (32. Bxd5 {was called for.} Ra4 33. Bg2) 32... g6 $19 33. Kh2 Rc8 {[%emt 0:00:11] [#] White must now prevent ...Be6.} 34. Be7 Kg7 35. Rc5 Rxc5 36. Bxc5 Nd2 37. Bb7 Ne1 38. Bb4 Ndf3+ 39. Kh1 $2 (39. Bxf3 Nxf3+ 40. Kg2) 39... Bxh3 {[%emt 0:00:28][%csl Ge1][%cal Rh3g2] Black is clearly winning.} 40. Bxe1 Nxe1 41. Kg1 Bg4 42. Kf1 Bf3 {[%emt 0:00:07] Weighted Error Value: White=0.37/Black=0.14 (very precise)} 0-1

[Event "Krakow Championship-A 2022"]
[Site "Krakow"]
[Date "2022.06.28"]
[Round "5.3"]
[White "Zwardon, Vojtech"]
[Black "Holtel, Jasper"]
[Result "1/2-1/2"]
[ECO "A36"]
[WhiteElo "2482"]
[BlackElo "2347"]
[Annotator "TA"]
[PlyCount "93"]
[EventDate "2022.06.25"]
[EventType "swiss"]
[EventCountry "POL"]
[SourceTitle "playchess.com"]
[Source "ChessBase"]
[SourceQuality "1"]
[TimeControl "40/5400+30:1800+30"]

1. c4 c5 2. g3 Nc6 3. Bg2 g6 4. Nc3 Bg7 5. e3 e6 6. Nge2 Nge7 7. b3 {[%emt 0:00:43] A36: Symmetrical English vs ...g6: 4 Bg2 Bg7.} O-O 8. Bb2 d5 9. O-O b6 {[%emt 0:14:52] [#]} (9... d4 $5 10. Ne4 b6 $11) 10. Na4 $146 (10. cxd5 $11 exd5 11. d4) ({Predecessor:} 10. Nf4 dxc4 11. bxc4 Rb8 12. Rb1 {1-0 (12) Belyaev,A-Sergeev,M RCCA email 2001}) 10... e5 (10... d4 $15) 11. cxd5 (11. d4 $1 $11 {keeps the balance.}) 11... Nxd5 $17 12. d4 cxd4 (12... exd4 $15 13. exd4 Bg4 14. dxc5 Bxb2 15. Nxb2 Nc3 16. Qxd8 Nxe2+ 17. Kh1 Rfxd8 18. Bxc6 Rac8) 13. exd4 $11 {[%emt 0:00:16] The position is equal.} Nxd4 14. Nxd4 exd4 15. Bxd4 Be6 $1 16. Rc1 Rb8 17. Rc2 Rb7 18. Bxg7 Kxg7 19. Nc3 Rd7 20. Ne4 Bf5 21. Qa1+ Kg8 22. Rd1 {[%emt 0:07:36] [#] Threatens to win with Rcd2.} Re8 23. Rc4 {[%emt 0:02:15] And now Rcd4 would win.} Bxe4 24. Bxe4 {[%emt 0:00:24] Rcd4 is the strong threat.} Nf6 25. Rxd7 Nxd7 26. Bc6 Qc7 27. Qd1 (27. Bb5 {seems wilder.} Qb7 28. a4 Rc8 29. Rf4) 27... Re7 {[%emt 0:04:59] [#] Hoping for ...Ne5.} 28. Bd5 Qb8 29. Rd4 Qc7 30. Rc4 Qb8 31. Kg2 Nf6 32. Bf3 Qe5 33. Qd8+ Re8 34. Qc7 Qe7 35. g4 h6 36. Qf4 g5 37. Qf5 Kg7 38. Rc6 Qe5 39. Qxe5 Rxe5 {[%emt 0:00:09][%mdl 4096] Endgame KRB-KRN} 40. Rc7 a5 41. Rb7 Re6 42. a3 Rd6 43. h3 Nd7 44. b4 {[%emt 0:00:00] Prevents Nc5.} axb4 45. axb4 Ne5 46. b5 Nxf3 47. Kxf3 {[%emt 0:00:00] Weighted Error Value: White=0.08 (flawless) /Black=0.05 (flawless)} 1/2-1/2

[Event "Krakow Championship-A 2022"]
[Site "Krakow"]
[Date "2022.06.28"]
[Round "5.4"]
[White "Nguyen, Piotr"]
[Black "Danielyan, Vahe"]
[Result "1-0"]
[ECO "B11"]
[WhiteElo "2402"]
[BlackElo "2324"]
[Annotator "RC"]
[PlyCount "71"]
[EventDate "2022.06.25"]
[EventType "swiss"]
[EventCountry "POL"]
[SourceTitle "playchess.com"]
[Source "ChessBase"]
[SourceQuality "1"]
[TimeControl "40/5400+30:1800+30"]

1. e4 c6 2. Nf3 d5 3. Nc3 Bg4 4. h3 Bxf3 5. Qxf3 e6 6. d3 Nd7 7. g3 Bb4 8. a3 Ba5 9. Bd2 Ne7 10. Bg2 O-O 11. O-O d4 12. Nb1 Bc7 13. Qe2 h6 14. f4 f5 15. exf5 Nxf5 16. Qxe6+ Kh8 17. Rf3 Nc5 18. Qe1 Qf6 19. Bb4 Rfe8 20. Qf2 Nd7 21. Nd2 c5 22. Ne4 Qb6 23. Bd2 Qxb2 24. Re1 Bd8 25. Ng5 Bf6 26. Nf7+ Kg8 27. Ne5 Nb6 28. Qe2 Qxc2 29. Rf2 Qb3 30. Qh5 Qe6 31. Bxb7 Rab8 32. Bc6 Nxg3 33. Qg6 Bxe5 34. Bxe8 Qxh3 35. Rh2 Qf5 36. Rxe5 1-0

[Event "Krakow Championship-A 2022"]
[Site "Krakow"]
[Date "2022.06.28"]
[Round "5.5"]
[White "Rudolf, Michal"]
[Black "Romanishin, Oleg M"]
[Result "1/2-1/2"]
[ECO "C58"]
[WhiteElo "2361"]
[BlackElo "2400"]
[Annotator "TA"]
[PlyCount "81"]
[EventDate "2022.06.25"]
[EventType "swiss"]
[EventCountry "POL"]
[SourceTitle "playchess.com"]
[Source "ChessBase"]
[SourceQuality "1"]
[TimeControl "40/5400+30:1800+30"]

1. e4 e5 2. Nf3 Nc6 3. Bc4 Nf6 4. Ng5 d5 5. exd5 Na5 6. Bb5+ Bd7 7. Qe2 Be7 8. Nf3 {[%emt 0:01:33] C58: Two Knights: 4 Ng5 d5 5 exd5 Na5 sidelines.} O-O {[%emt 0:04:33] 8...Nxd5 deserves study.} 9. Bxd7 Qxd7 10. Nxe5 {[%emt 0:00:06] White is slightly better.} Qxd5 11. O-O Bd6 12. Nf3 Nc6 13. Nc3 Qh5 {[%emt 0:00:18][%cal Oc6d4] [#] aiming for ...Nd4!} 14. Qb5 $146 ({Predecessor:} 14. h3 Rae8 15. Qd1 g5 16. Nb5 g4 17. Nxd6 cxd6 18. hxg4 Nxg4 19. d4 Re4 20. Re1 {½-½ (50) Tozzi,T (2043)-Struzka,V (2059) ICCF email 2020}) 14... Qg6 (14... Nb4 $11) 15. d3 $16 ({But not} 15. Qxb7 $6 Nb4 16. Qb5 Nxc2 $15) 15... Nb4 16. Qa4 a6 17. a3 b5 18. Qb3 Nc6 19. Re1 Rae8 {[%emt 0:09:07][%cal Oc6d4] Threatens to win with ...Nd4!} 20. Bg5 Ng4 21. Qd5 (21. Rxe8 $16 Rxe8 22. Ne4) 21... Nce5 $11 22. Nxe5 Bxe5 23. h3 $1 c6 24. Qd7 $36 {[%emt 0:08:44][%mdl 2048] White has some pressure.} Qxg5 25. Qxg4 Qf6 26. Qb4 c5 27. Qb3 ({Avoid the trap} 27. Qxc5 $2 Bd4 28. Qxf8+ Rxf8 $19) 27... c4 28. dxc4 bxc4 29. Qa4 Re6 30. Re3 Qf4 {[%emt 0:00:47] ...Qh2+ is the strong threat.} 31. g3 Qf5 32. Qxc4 {[%emt 0:01:58] Strongly threatening Rae1.} Qxh3 33. Qf1 (33. Rd1 $1 $16) 33... Qf5 34. Rae1 Bd4 {[%emt 0:01:07] [#]} 35. Rxe6 fxe6 {[%emt 0:00:06] [#]} 36. Ne4 Bxb2 37. Qxa6 Bd4 38. Qe2 h6 (38... h5 $16) 39. Rd1 Qe5 {[%emt 0:00:53][%cal Of8f2] Hoping for ...Rxf2!} 40. Qg4 (40. Rd2 $16) 40... Kh8 41. c3 {[%emt 0:36:17] Weighted Error Value: White=0.09 (flawless) /Black=0.12 (very precise)} (41. Kg2 $16) 1/2-1/2

[Event "Krakow Championship-A 2022"]
[Site "Krakow"]
[Date "2022.06.28"]
[Round "5.6"]
[White "Pechac, Jergus"]
[Black "Piekielny, Pawel"]
[Result "1-0"]
[ECO "C10"]
[WhiteElo "2597"]
[BlackElo "2230"]
[Annotator "TA"]
[PlyCount "65"]
[EventDate "2022.06.25"]
[EventType "swiss"]
[EventCountry "POL"]
[SourceTitle "playchess.com"]
[Source "ChessBase"]
[SourceQuality "1"]
[TimeControl "40/5400+30:1800+30"]

1. e4 e6 2. d4 d5 3. Nc3 Be7 4. e5 c5 5. Qg4 Kf8 6. dxc5 {[%emt 0:10:51] C10: French with 3 Nc3: Unusual Black 3rd moves and 3...dxe4.} Nc6 (6... h5 $5 7. Qg3 Nh6 $14) 7. Nf3 Bxc5 8. Bd3 {[%emt 0:00:16] White is slightly better.} Nge7 {[%emt 0:03:23] [#]} 9. h4 $146 ({Predecessor:} 9. O-O Nb4 10. Be3 Nxd3 11. cxd3 Bb6 12. Ne2 Bd7 13. Ng3 h6 14. h4 a5 15. Rac1 {½-½ (56) Gofshtein,L (2520)-Efimov,I (2525) Genova 1998}) 9... Nb4 10. h5 Nxd3+ 11. cxd3 {[%emt 0:00:09] aiming for d4.} h6 12. Na4 Bb6 13. O-O Nf5 14. Qf4 Bd7 15. Nxb6 axb6 16. a4 Kg8 17. b3 g5 18. Qb4 {[%emt 0:02:22] Black is on the road to losing.} Bc6 19. Nd4 {[%emt 0:03:11] White is more active.} Nxd4 ({Better is} 19... Qf8 20. Qxf8+ (20. Qxb6 $2 Ra6 $19) (20. Nxc6 bxc6 21. Qxb6 Rb8 $16) 20... Kxf8 21. Nxf5 exf5) 20. Qxd4 $16 b5 {[%emt 0:00:18] [#]} (20... Bd7 $16) 21. f4 $1 $18 {[%emt 0:00:44] Threatens to win with fxg5.} g4 {[%emt 0:01:47] [#]} (21... bxa4 22. fxg5 hxg5 23. Qg4 $16 (23. Qf2 Rh7 $14)) 22. f5 $1 Qh4 (22... Bd7 23. fxe6 (23. Qxg4+ Kh7 $18) 23... Bxe6) 23. fxe6 fxe6 24. axb5 {[%emt 0:00:27][%cal Od4f4,Ba4b5,Bb5c6][%mdl 32] Qf4! would kill now.} Rxa1 25. Qf4 {[%emt 0:00:11][%csl Gf1][%cal Rf4f7] White mates.} Qe7 26. Qxg4+ Qg7 27. Qxe6+ Kh7 28. Qf5+ Kg8 29. bxc6 Ra2 30. Qe6+ Kh7 31. Rf7 Rxg2+ 32. Kf1 Rf8 33. Qf5+ {[%emt 0:00:07] Weighted Error Value: White=0.03 (flawless) /Black=0.49} 1-0

[Event "Krakow Championship-A 2022"]
[Site "Krakow"]
[Date "2022.06.28"]
[Round "5.7"]
[White "Balaji Sekar"]
[Black "Rozentalis, Eduardas"]
[Result "1/2-1/2"]
[ECO "C02"]
[WhiteElo "1189"]
[BlackElo "2523"]
[Annotator "TA"]
[PlyCount "102"]
[EventDate "2022.06.25"]
[EventType "swiss"]
[EventCountry "POL"]
[SourceTitle "playchess.com"]
[Source "ChessBase"]
[SourceQuality "1"]
[TimeControl "40/5400+30:1800+30"]

1. e4 e6 2. d4 d5 3. e5 c5 4. c3 Bd7 5. Nf3 Qb6 6. Bd3 cxd4 {[%emt 0:00:16] C02: French: Advance Variation.} 7. O-O {[%emt 0:05:24] [#]} Ne7 $146 ({Predecessor:} 7... Nc6 8. Re1 Nge7 9. h4 h6 10. h5 Rc8 11. Nbd2 dxc3 12. bxc3 Na5 13. Rb1 Qc7 14. Nb3 Nxb3 15. axb3 {1-0 (44) Shevchenko,K (2652)-Rustemov,A (2525) Chess.com INT 2022}) 8. Re1 Bb5 {[%emt 0:03:14] Black has an edge.} 9. Bxb5+ Qxb5 10. Nxd4 Qd7 11. Nd2 Nec6 12. Nxc6 Nxc6 13. Qg4 h5 14. Qf4 O-O-O 15. Nf3 Bc5 16. Be3 Bxe3 17. Qxe3 Kb8 18. Rad1 Qe7 19. Nd4 Nxd4 20. Rxd4 Rd7 21. Ra4 b6 22. h4 Rc8 23. Rd1 Qc5 24. Qe2 g6 25. Rad4 Rdc7 26. Qf3 Qe7 27. Rf4 Rd7 28. Rdd4 Rcc7 29. Rf6 Qd8 30. Rdf4 d4 $1 31. cxd4 (31. Rxf7 Rxf7 32. Rxf7 Rxf7 33. Qxf7 d3 $15) 31... Rxd4 32. Rxf7 Rd1+ 33. Kh2 {[%emt 0:01:18] Black must now prevent Rf8.} Rxf7 34. Rxf7 Qxh4+ 35. Qh3 Qxh3+ 36. Kxh3 $11 {[%emt 0:00:34][%mdl 4096] Endgame Strongly threatening f4. KR-KR} Rd2 (36... g5 $1 $11 {remains equal.}) 37. f4 $1 $16 {[%emt 0:03:00][%cal Bf2f4,Bf4f5][%mdl 32] And now Rf6 would win.} Rxb2 {[%emt 0:01:06] [#]} (37... Kc8 $142) 38. Re7 $2 ({Only move:} 38. Rf6 $1 $18) 38... Rxa2 $2 (38... Rb4 $11) 39. Rxe6 $18 b5 {[%emt 0:00:53] Threatens to win with ...Ra4.} 40. Rxg6 b4 $2 {[%emt 0:00:25] [#]} (40... Rf2) 41. e6 $2 (41. g4 b3 42. Rg8+ Kc7 43. Rg7+ Kc6 44. Rg6+ (44. gxh5 $2 b2 $19) 44... Kc5 $19) (41. f5 $1 $18 ) 41... Kc7 $1 $14 42. f5 $1 Kd6 $1 43. Rg7 ({Better is} 43. Rg8 $1 $14 b3 44. Rg7) 43... Re2 $1 $11 {[%emt 0:00:21] The position is equal.} 44. Rxa7 {[%emt 0:00:00] aiming for f6.} (44. Kh4 {feels hotter.} b3 45. Rb7 b2 46. e7) 44... Ke5 45. Ra5+ Kf6 46. g4 hxg4+ 47. Kxg4 b3 48. Ra7 Re4+ 49. Kf3 Re5 50. Kg4 Re4+ 51. Kf3 Re5 {[%emt 0:00:00] Weighted Error Value: White=0.23 (precise) /Black=0.21 (precise)} 1/2-1/2

[Event "Krakow Championship-A 2022"]
[Site "Krakow"]
[Date "2022.06.28"]
[Round "5.8"]
[White "Murphy, Conor E"]
[Black "Klimkowski, Jan"]
[Result "0-1"]
[ECO "B90"]
[WhiteElo "2395"]
[BlackElo "2401"]
[Annotator "TA"]
[PlyCount "88"]
[EventDate "2022.06.25"]
[EventType "swiss"]
[EventCountry "POL"]
[SourceTitle "playchess.com"]
[Source "ChessBase"]
[SourceQuality "1"]
[TimeControl "40/5400+30:1800+30"]

1. e4 c5 2. Nf3 d6 3. d4 cxd4 4. Nxd4 Nf6 5. Nc3 a6 6. Be3 e5 7. Nf3 Qc7 8. a4 Be6 9. Ng5 {[%emt 0:01:08] B90: Sicilian Najdorf: Unusual White 6th moves, 6 Be3 Ng4 and 6 Be3 e5.} Bd7 10. Nd5 Nxd5 11. exd5 {[%emt 0:00:13] [#] The position is equal.} h6 $146 ({Predecessor:} 11... Be7 12. a5 O-O 13. Bd3 h6 14. Ne4 f5 15. Nd2 e4 16. Be2 Be8 17. Nb3 Nd7 {½-½ (39) Do Amaral,R (1887)-Konstantinov,M (2188) LSS email 2011}) 12. Ne4 Be7 13. h4 Bf5 14. Bd3 Bxe4 (14... Bh7 {seems wilder.} 15. Qg4 Kf8 16. Ng3 Nd7) 15. Bxe4 Nd7 16. a5 Nf6 17. Bf3 h5 18. c3 g6 19. Be2 O-O 20. c4 (20. g4 $16) 20... Qd7 $11 21. b4 Qf5 22. Qb1 e4 23. Bd4 Rae8 24. Ra3 Nd7 25. Qb2 Bd8 26. Re3 Ne5 27. Bxe5 (27. Qb1 {is interesting.} Ng4 28. Bxg4 Qxg4 29. Rg3) 27... Rxe5 28. g3 Bf6 29. Qb3 Re7 {[%emt 0:00:32] And now ...Bd4 would win.} 30. Bf1 $2 {[%emt 0:01:15] Loses the game.} (30. Qd1 $11 {and White is okay.}) 30... Bd4 $19 31. Bh3 Qf6 32. Re2 e3 33. f4 Bc3+ 34. Kf1 Qd4 {[%emt 0:00:14] Black is more active.} 35. c5 (35. Kg2 $17) 35... Bxb4 36. cxd6 Bxd6 $40 {[%emt 0:00:20][%mdl 128] Black goes for the king.} 37. Kg2 $2 {[%emt 0:00:16] [#]} (37. Kg1 {only move.}) 37... Bb4 (37... g5 $1 $19 {[%cal Rg5f4] has better winning chances.} 38. hxg5 Qe4+ 39. Kh2 Qf3) 38. Kh2 Bxa5 39. f5 (39. Rd1 $17 Bd2 40. d6 Qxd6 41. Rxe3 Rxe3 42. Qxe3 Bxe3 43. Rxd6) 39... Bc7 {[%emt 0:10:07] Strongly threatening ...Re4.} 40. fxg6 Kg7 41. Rhe1 (41. Qa3 {was necessary.} Re4 42. Qa1) 41... fxg6 42. Rxe3 Rf2+ 43. Bg2 $2 {[%emt 0:03:35] [#]} (43. Kh1 Rxe3 44. Qxe3 Qxd5+ 45. Kg1) 43... Bxg3+ $1 44. Kg1 (44. Rxg3 Rxe1) 44... Rff7 {[%emt 0:00:33] Weighted Error Value: White=0.68/Black=0.13 (very precise)} (44... Rd2 $142 45. R1e2 Rxe2 46. Qc3 Bf2+ 47. Kh2 Bxe3 48. Qxd4+ Bxd4 49. d6 Rf7 50. d7 Rf1 51. Kh3 Re3+ 52. Bf3 Rf2 53. d8=Q Rexf3#) 0-1